 Dungeon Crawl Stone Soup version 0.24.1-8-ga250c9d538 (webtiles) character file.

Game seed: 16929997012175298656, levelgen mode: deterministic

163 Curus the Spear-Bearer (level 5, -1/38 HPs)
             Began as a Merfolk Gladiator on May 3, 2020.
             Was an Initiate of Trog.
             Slain by an orc
             ... wielding a +0 short sword
              (3 damage)
             ... on level 3 of the Dungeon.
             The game lasted 00:12:16 (1934 turns).

Curus the Spear-Bearer (Merfolk Gladiator)          Turns: 1934, Time: 00:12:16

Health: -1/38      AC:  5    Str: 14    XL:     5   Next: 44%
Magic:  5/5        EV: 14    Int:  8    God:    Trog [......]
Gold:   119        SH:  0    Dex: 16    Spells: 4/4 levels left

rFire    . . .     SeeInvis .   a - +1 trident
rCold    . . .     Gourm    .   (no shield)
rNeg     . . .     Faith    +   b - +0 leather armour
rPois    .         Spirit   .   c - +0 helmet
rElec    .         Reflect  .   e - +0 cloak
rCorr    .         Harm     .   (no gloves)
MR       .....                  (no boots)
Stlth    +.........             i - amulet of faith
HPRegen  0.12/turn              (no ring)
MPRegen  0.09/turn              (no ring)

@: no status effects
A: change form in water, swift swim, stealthy swim
a: Renounce Religion


You were on level 3 of the Dungeon.
You worshipped Trog.
Trog was noncommittal.
You were not hungry.

You visited 1 branch of the dungeon, and saw 3 of its levels.

You collected 119 gold pieces.

Inventory:

Hand Weapons
 a - a +1 trident (weapon)
Missiles
 d - 3 throwing nets (quivered)
Armour
 b - a +0 leather armour (worn)
 c - a +0 helmet (worn)
 e - a +0 cloak (worn)
Jewellery
 i - an amulet of faith (around neck)
Scrolls
 g - 3 scrolls of teleportation
 h - a scroll of magic mapping
 j - a scroll of identify
Comestibles
 f - 4 rations


   Skills:
 - Level 2.1 Fighting
 + Level 8.6 Polearms
 - Level 2.0 Throwing
 - Level 4.0 Dodging


You had 4 spell levels left.
You didn't know any spells.
Your spell library was empty.

Dungeon Overview and Level Annotations

Branches:
Dungeon (3/15)

Altars:
Ashenzari
Dithmenos
Gozag
Ru
Sif Muna
Trog
Vehumet
Wu Jian
Zin
The Shining One


Message History

The orc barely misses you.
You closely miss the orc wizard.
The orc wizard is heavily wounded.
The orc wizard barely misses you. The orc barely misses you.
The orc closely misses you.
The orc wizard looks encouraged for a moment.
You puncture the orc wizard!
You kill the orc wizard!
Trog accepts your kill.
Trog appreciates your killing of a magic user.
The orc hits you but does no damage. The orc barely misses you. x2
You hit the orc.
The orc is moderately wounded.
The orc barely misses you. The orc hits you with a +0 falchion.
* * * LOW HITPOINT WARNING * * *
The orc closely misses you. x2
You hit the orc but do no damage.
The orc is moderately wounded.
The orc hits you with a +0 short sword.
You die...

#..#.###.....##
#.......####............#
......................>.#
.........###.####.......#
.......... ###....<.##
.........# #.........#
#......... #.#.......#
#######.......o## #.#^......#
.............o@# #.#......##
#..##........oo######.#.....##
#..#...........##........####
#..#.#.........# .###.#.##
###...#.........##. ...#.#
##.....##.......###.#.# #.#
.....#.###.<...####.#.# #.#
#..###...##........... #.#
#.## ###....########.# #.#


You could see 4 orcs.

Vanquished Creatures
  2 orc wizards (D:3)
  3 adders
  2 oozes
  6 worms
  2 dart slugs
  A leopard gecko (D:1)
  3 orcs (D:2)
  3 giant cockroaches
  3 goblins
  4 hobgoblins
  4 jackals (D:1)
  5 kobolds
  A ball python (D:1)
  6 bats
  3 frilled lizards
  6 rats
54 creatures vanquished.

Notes
Turn   | Place    | Note
-------+----------+-------------------------------------------
     0 | D:1      | Curus the Merfolk Gladiator began the quest for the Orb.
     0 | D:1      | Reached XP level 1. HP: 16/16 MP: 1/1
    32 | D:1      | Reached skill level 5 in Polearms
    57 | D:1      | Reached XP level 2. HP: 21/22 MP: 2/2
   291 | D:1      | Reached skill level 6 in Polearms
   291 | D:1      | Reached XP level 3. HP: 16/27 MP: 3/3
   777 | D:2      | Reached XP level 4. HP: 11/33 MP: 4/4
   780 | D:2      | Reached skill level 7 in Polearms
  1033 | D:2      | Found a shattered altar of Ashenzari.
  1034 | D:2      | Found an ornate altar of the Wu Jian Council.
  1057 | D:2      | Found a shadowy altar of Dithmenos.
  1060 | D:2      | Found a shimmering blue altar of Sif Muna.
  1061 | D:2      | Found a sacrificial altar of Ru.
  1062 | D:2      | Found a bloodstained altar of Trog.
  1062 | D:2      | Found a glowing golden altar of the Shining One.
  1063 | D:2      | Found a radiant altar of Vehumet.
  1072 | D:2      | Became a worshipper of Trog the Wrathful
  1200 | D:2      | Found a glowing silver altar of Zin.
  1211 | D:2      | Found an opulent altar of Gozag.
  1927 | D:3      | Reached skill level 8 in Polearms
  1927 | D:3      | Reached XP level 5. HP: 11/38 MP: 5/5
  1934 | D:3      | Slain by an orc

Levels and vault maps discovered:
D:1:      psy_arrival_whirlpool, layout_rooms, chequers_serial_rivers_small_a
D:2:      layout_basic, grunt_temple_overflow_gold_and_silver,
          grunt_temple_overflow_open
D:3:      layout_rooms, elyvilon_altar_3, nrook_mini_backslash

Skill      XL: |  1  2  3  4 |
---------------+-------------+-----
Polearms       | 5 6 8 |  8.6
Fighting       | |  2.1
Throwing       | |  2.0
Dodging        | |  4.0

Action                   |  1- 3 |  4- 6 || total
-------------------------+-------+-------++-------
Melee: Trident           |   105 |    97 ||   202
  Use: Scroll            |     5 |     2 ||     7
       Potion            |     1 |     3 ||     4
 Stab: Sleeping          |     1 |     1 ||     2
  Eat: Chunk             |       |     3 ||     3
Armor: Leather armour    |    16 |    13 ||    29
Dodge: Dodged            |    54 |    78 ||   132
